 Dungeon Crawl Stone Soup version 0.14-a0-2400-gb2944a8 (webtiles) character file.

312588 Tophwells the Warrior (level 20, -2/193 HPs)
             Began as a Lava Orc Berserker on Jan 4, 2014.
             Was the Champion of Trog.
             Killed by nerve-wracking pain
             ... invoked by an Executioner
             ... summoned by a deep elf demonologist
              (7 damage)
             ... on Level 3 of the Elven Halls on Feb 3, 2014.
             The game lasted 16:03:24 (66804 turns).

Tophwells the Warrior (Lava Orc Berserker)         Turns: 66804, Time: 16:03:25

HP  -2/193       AC 36     Str 33      XL: 20   Next: 39%
MP  10/10        EV  7     Int  5      God: Trog [******]
Gold 2237        SH 33     Dex 15      Spells:  0 memorised, 19 levels left

rFire  + + +     SeeInvis +     v - +0,+5 orc flail (antimagic)
rCold  + + +     Clarity  .     w - +10 gold dragon armour of Supple Strength {+Blink +Rage rPois rF+ rC+ Str+2}
rNeg   . . .     Conserve .     x - +3 dwarf shield {reflect}
rPois  +         rCorr    .     l - +1 helmet of Submission {rElec rC+ Str+4 Dex+3 Dam+1}
rElec  +         rRot     .     (no cloak)
SustAb . .       Spirit   .     a - +0 pair of gloves
rMut   .         Warding  .     H - +0 pair of boots
Gourm  +         Stasis   .     J - amulet of the gourmand
MR     ++...                    K - ring of protection from magic
                                Q - ring "Nesmomp" {rC++ SInv}

@: exhausted, slowed, heavily drained, very slow, very resistant to hostile
enchantments, extremely unstealthy
A: conserve scrolls, dopey 1, saprovore 1, slow metabolism 1
a: Burn Spellbooks, Berserk, Trog's Hand, Brothers in Arms, Renounce Religion,
Evoke Blink, Evoke Berserk Rage
}: 2/15 runes: decaying, gossamer


You were on level 3 of the Elven Halls.
You worshipped Trog.
Trog was exalted by your worship.
You were very full.

You visited 9 branches of the dungeon, and saw 47 of its levels.
You visited the Abyss 1 time.
You visited 1 bazaar.
You also visited: Labyrinth, Sewer, Bailey and Ice Cave.

You collected 5162 gold pieces.
You spent 2925 gold pieces at shops.

Inventory:

Hand weapons
 b - the +10 blowgun of Twuathrus {evade, MR++}
   (You bought it in a shop on level 5 of the Dungeon)

   It affects your evasion (+5 to EV).
   It affects your resistance to hostile enchantments.
 r - a +2,+7 vampiric demon whip
 v - a +0,+5 orcish anti-magic flail (weapon)
 C - a +1,+2 orcish mace of holy wrath
Missiles
 g - 4 poisoned javelins
 h - 10 curare-tipped needles
 n - 2 silver tomahawks
 q - 18 tomahawks of returning (quivered)
 u - 17 darts of frost
 y - 10 needles of sleeping
 A - 76 poisoned needles
 T - 6 javelins of returning
Armour
 a - a +0 pair of gloves (worn)
 l - the +1 helmet of Submission (worn) {rElec rC+ Str+4 Dex+3 Dam+1}
   (You bought it in a shop in a bazaar)

   It affects your strength (+4).
   It affects your dexterity (+3).
   It affects your damage with ranged weapons and melee attacks (+1).
   It protects you from cold.
   It insulates you from electricity.
 w - the +10 gold dragon armour of Supple Strength (worn) {+Blink +Rage rPois rF+ rC+ Str+2}
   (You found it in a bailey)

   It affects your strength (+2).
   It protects you from fire.
   It protects you from cold.
   It protects you from poison.
   It lets you blink.
   It lets you go berserk.
 x - a +3 dwarven shield of reflection (worn)
 H - a +0 pair of boots (worn)
Magical devices
 c - a wand of fireball (5)
 d - a wand of paralysis (5)
 e - a wand of teleportation (3)
 o - a wand of digging (7)
 p - a wand of flame (18)
 B - a wand of fireball (8)
 F - a wand of cold (7)
 G - a wand of disintegration (13)
 I - a wand of polymorph (0)
 P - a wand of lightning (4)
 V - a wand of confusion (10)
 Z - a wand of fire (5)
Comestibles
 E - a chunk of elf flesh
 S - 2 apples
Scrolls
 k - 4 scrolls of magic mapping
 t - 7 scrolls of recharging
 z - 8 scrolls of remove curse
 D - 8 scrolls of teleportation
 L - 4 scrolls of fear
 M - 3 scrolls of blinking
 N - 9 scrolls of identify
 U - a scroll of fog
Jewellery
 i - an uncursed ring of sustain abilities
 J - an amulet of the gourmand (around neck)
 K - a ring of protection from magic (right hand)
 O - the ring "Baocvozi" {+Inv rF+ MP+9 Str+4}
   (You bought it in a shop on level 4 of the Orcish Mines)

   [ring of magical power]

   It affects your strength (+4).
   It protects you from fire.
   It lets you turn invisible.
 Q - the ring "Nesmomp" (left hand) {rC++ SInv}
   (You acquired it on level 10 of the Dungeon)

   [ring of see invisible]

   It greatly protects you from cold.
 R - an uncursed ring of regeneration
 W - an uncursed amulet of stasis
 Y - an uncursed ring of protection from fire
Potions
 f - a potion of flight
 j - 4 potions of agility
 m - 3 potions of heal wounds
 s - 3 potions of curing
 X - a potion of speed


   Skills:
 + Level 20.0(17.4) Fighting
   Level 0.2(0.0) Short Blades
 - Level 13.4(11.2) Maces & Flails
 + Level 8.7(6.7) Throwing
 + Level 18.4(15.9) Armour
 + Level 14.6(12.3) Dodging
 - Level 4.7(2.9) Stealth
 + Level 14.5(12.2) Shields
 + Level 10.5(8.4) Evocations


You had 19 spell levels left.
You didn't know any spells.

Dungeon Overview and Level Annotations

Branches:
Dungeon (16/16)            Temple (1/1) D:7             Orc (4/4) D:10
    Elf (3/3) Orc:3          Lair (8/8) D:10          Swamp (5/5) Lair:6
 Spider (5/5) Lair:5        Slime (0/6) Lair:7       Vaults (3/5) D:14
  Blade (0/1) Vaults:3      Crypt (0/5) Vaults:3     Depths (2/6) D:16

Altars:
Ashenzari
Cheibriados
Elyvilon
Fedhas
Kikubaaqudgha
Makhleb
Nemelex Xobeh
Okawaru
Sif Muna
Trog
Vehumet
Xom
Yredelemnul
Zin
Beogh
Lugonu

Shops:
D:4 }   D:5 (   D:6 (   D:9 %   D:10 (   D:14 *   Orc:1 ?   Orc:4 ?[=(
Elf:1 (/   Vaults:2 (   Depths:1 :

Portals:
Hell: Depths:1
Pandemonium: Depths:1
Trove: Vaults:2 (give 14 potions of heal wounds)

Annotations:
Spider:1 exclusion: Roxanne, Roxanne


Innate Abilities, Weirdness & Mutations

You have stony skin.
Your flesh is almost immune to the effects of heat.
Your fire spells are more powerful.
Your flesh is vulnerable to cold.
Your heat harms attackers.
You bathe your surroundings in blazing heat.
You are too hot to use scrolls.
You are very good at protecting items from fire.
You can tolerate rotten meat.
You are dopey. (Int -2)
You have a slow metabolism.


Message History

There is a cloud of steam here.
Use which ability? (? or * to list)
A red film seems to cover your vision as you go berserk!
You feel yourself moving faster!
You feel mighty!
You burn with rage!
You feel somewhat less full. The hellion gestures at you.
The hellfire explodes!
The burst of hellfire engulfs you!
* * * LOW HITPOINT WARNING * * *
You feel a strong urge to attack something.
You feel your anger subside.
You are no longer berserk.
You are exhausted.
You feel less hot-headed.
You feel yourself slow down.
There is a stone staircase leading up here.
The intensity of your heat diminishes. The Executioner gestures at you.
You resist. The Executioner gestures at you. Pain shoots through your body!
You die...

#2e# #2W# #44#
#3.# #§1# #§≈#
#§≈# #####..#
...###...@).#
........)...#
........f.........
................
######...........
.. #.......... .
#.........
#........ +.......


You could see an Executioner.

Vanquished Creatures
  the Lernaean hydra (Swamp:5)
  Mara (Depths:1)
  A golden dragon (Depths:2)
  2 tentacled monstrosities (Depths:2)
  A tengu reaver (Depths:2)
  Rupert (Lair:5)
  Agnes (Vaults:1)
  Frances (Elf:2)
  Donald (Orc:4)
  A vault warden (Vaults:3)
  2 fire giants (Depths:2)
  3 deep elf sorcerers
  4 emperor scorpions (Spider:5)
  5 ghost moths (Spider:5)
  Jorgrun (Vaults:2)
  3 stone giants
  7 starcursed masses (Abyss:1)
  Gastronok (Lair:2)
  The ghost of wuxia the Spear-Bearer, a powerful MfSk of Okawaru (Lair:8)
  A deep elf annihilator (Elf:1)
  A green death (Abyss:1)
  4 deep elf death magi
  An unborn (Vaults:3)
  Snorg (Lair:6)
  4 ettins
  2 great orbs of eyes
  3 fire dragons
  6 yaktaur captains
  A deep elf high priest (Depths:2)
  A minotaur (Lab)
  An ironheart preserver (Vaults:2)
  Fannar (Lair:1)
  A ravenous feature mimic (Depths:1)
  A dancing weapon (Vaults:3)
  8 vault guards (D:14)
  14 ogre magi
  A ravenous item mimic (Depths:2)
  3 ice dragons
  10 small abominations
  9 alligators
  28 hydras
  A deep dwarf death knight (Vaults:3)
  9 death yaks
  Erica (Lair:2)
  A wretched star (Abyss:1)
  4 spectral elves
  7 very ugly things
  Urug (Orc:4)
  2 naga warriors (Depths:1)
  Josephine (Orc:3)
  2 spectral orcs (D:12)
  2 orc high priests
  14 centaur warriors
  4 wizards
  3 thrashing horrors (Abyss:1)
  A catoblepas (Lair:7)
  The ghost of miro the Thaumaturge, an experienced HEWz of Vehumet (D:8)
  A giant orange brain (shapeshifter) (Depths:2)
  12 deep elf knights
  2 deep trolls (Orc:4)
  A hell knight (Depths:2)
  A shadow wraith (Vaults:3)
  An ice devil (Depths:1)
  3 large abominations (Abyss:1)
  2 lindwurms (Lair:8)
  An iron troll (Depths:2)
  11 hill giants
  2 unseen horrors
  Nessos (D:13)
  A hellion (Depths:1)
  9 deep elf conjurers
  5 giant amoebae
  A phantasmal warrior (Vaults:3)
  A wolf spider zombie (D:16)
  11 swamp dragons
  7 orc knights
  5 ironbrand convokers
  5 harpies (Vaults:1)
  22 wolf spiders
  2 sixfirhies
  A worldbinder (Abyss:1)
  8 red wasps
  12 elephants
  3 spiny worms
  4 deep elf summoners (Depths:1)
  20 yaktaurs
  6 vault sentinels
  4 griffons
  15 spiny frogs
  A yaktaur zombie (Vaults:3)
  7 black mambas
  10 cyclopes
  An item mimic (D:13)
  The ghost of zkyp the Vexing, an experienced HOEn of Beogh (D:5)
  A black mamba (shapeshifter) (D:4)
  A feature mimic (D:11)
  2 hellwings
  A vapour (Abyss:1)
  An orange demon (Abyss:1)
  12 demonic crawlers
  11 orb spiders
  An iron troll zombie (Orc:3)
  A fire drake (shapeshifter) (Depths:2)
  2 smoke demons (Abyss:1)
  3 giant fireflies (Lair:8)
  7 deep elf priests
  A fire drake (Lair:8)
  A red devil (Depths:1)
  A polar bear (Lair:6)
  The ghost of Herrn the Shield-Bearer, an average MiFi (D:3)
  28 jumping spiders
  A naga mage (Depths:2)
  6 giant leeches
  Sonja (Orc:3)
  3 ancient zymes (Abyss:1)
  19 blink frogs
  A brown ooze (shapeshifter) (Depths:1)
  9 baby alligators
  A hydra skeleton (D:12)
  18 bog bodies
  27 two-headed ogres
  48 slime creatures
  A baby alligator (shapeshifter) (Depths:2)
  4 boulder beetles
  26 trapdoor spiders
  23 deep elf magi
  A raven (shapeshifter) (Vaults:2)
  12 trolls
  7 vampires
  A basilisk (shapeshifter) (Abyss:1)
  A grizzly bear (Lair:8)
  2 griffon skeletons
  A shadow (D:11)
  A trapdoor spider (shapeshifter) (Vaults:2)
  2 brown oozes (Lair:7)
  20 tarantellas
  An ettin skeleton (Abyss:1)
  A chaos spawn (Abyss:1)
  5 elephant slugs (Lair:8)
  An elf zombie (Vaults:3)
  A hill giant zombie (D:14)
  42 redbacks
  3 wraiths
  The ghost of Mitsuki the Ogre Mage, an average OgWz (D:4)
  5 orc sorcerers
  A steam dragon (D:14)
  3 hungry ghosts
  A neqoxec (Abyss:1)
  50 yaks
  44 deep elf fighters
  53 swamp worms
  35 vampire mosquitoes
  6 komodo dragons
  Grum (Orc:3)
  4 manticores
  2 mottled dragons
  6 basilisks
  14 sharks
  9 wolves
  A necrophage (D:8)
  17 swamp drakes
  60 ugly things
  2 freezing wraiths (Vaults:3)
  3 ice beasts
  3 soldier ants
  57 ogres
  4 sky beasts
  3 wyverns
  7 porcupines
  A merfolk (D:10)
  2 yellow wasps
  5 nagas
  A phantom (D:11)
  A black bear (Lair:5)
  10 hippogriffs
  26 orc warriors
  2 wargs (Orc:2)
  3 boring beetles
  26 centaurs
  3 brain worms (Lair:8)
  21 crocodiles
  5 big kobolds
  Duvessa (D:9)
  Blork the orc (Orc:4)
  22 giant frogs
  12 insubstantial wisps (Swamp:1)
  18 water moccasins
  7 giant slugs
  A wyvern skeleton (D:13)
  An eye of draining (Abyss:1)
  A yak zombie (D:10)
  25 killer bees
  14 jellyfish
  A gnoll sergeant (D:7)
  A yak skeleton (D:8)
  14 electric eels
  11 giant goldfish
  9 jellies
  2 quasits
  34 wights
  17 crimson imps
  A giant frog zombie (D:6)
  Dowan (D:9)
  An iron imp (Abyss:1)
  16 agate snails
  A centaur skeleton (D:5)
  21 orc priests
  9 hounds
  A basilisk skeleton (D:16)
  A shapeshifter simulacrum (D:16)
  44 spiders
  A two-headed ogre skeleton (D:8)
  3 iguanas
  7 scorpions
  14 big fish
  20 orc wizards
  10 worker ants
  22 sheep
  A sky beast zombie (D:9)
  6 boggarts
  2 hound skeletons
  17 adders
  79 green rats
  3 gnolls (D:7)
  A mottled dragon simulacrum (D:14)
  7 giant centipedes
  A gnoll skeleton (Orc:3)
  An inept feature mimic (D:2)
  8 white imps
  A shadow imp (D:8)
  A worm zombie (D:9)
  3 giant mites
  6 goliath beetles
  19 worms
  6 ufetubi (Abyss:1)
  20 grey rats
  An iguana zombie (D:8)
  7 giant geckos
  An ooze (D:2)
  202 orcs
  A bat skeleton (D:8)
  7 giant cockroaches
  17 hobgoblins
  43 jackals
  11 quokkas
  5 ball pythons
  20 bats
  11 giant newts
  A giant newt skeleton (D:4)
  A giant spore (D:15)
  24 goblins
  A hobgoblin skeleton (D:4)
  A hobgoblin zombie (D:8)
  44 kobolds
  A kobold skeleton (D:7)
  A lurking horror (Abyss:1)
  7 orc skeletons
  2 orc zombies
  28 rats
  A rat skeleton (D:5)
  15 ballistomycetes
  A crawling corpse (Depths:2)
  6 fungi
  11 plants
2275 creatures vanquished.

Vanquished Creatures (collateral kills)
  Mennas (Vaults:3)
  A frost giant (shapeshifter) (D:13)
  2 ironheart preservers
  A deep troll earth mage (Vaults:2)
  A hydra (Lair:4)
  Nergalle (D:12)
  4 deep trolls (Vaults:2)
  A red wasp (Vaults:3)
  A cyclops (D:12)
  Joseph (Orc:2)
  A deep elf priest (Depths:1)
  A troll (D:11)
  A two-headed ogre (Vaults:3)
  2 deep elf magi (Depths:1)
  3 deep elf fighters (Depths:1)
  2 ogres (Vaults:3)
  A crimson imp (D:12)
  A sheep (D:12)
  2 mummies
  4 orcs (Orc:2)
  2 goblins (Orc:2)
34 creatures vanquished.

Vanquished Creatures (others)
  A sphinx (Vaults:3)
  A fire giant (Depths:2)
  A hydra (Swamp:5)
  A deep troll earth mage (Depths:2)
  A centaur warrior (Depths:1)
  A deep troll (D:13)
  2 hill giants
  8 orb spiders
  A deep elf mage (Elf:2)
  A small abomination (Abyss:1)
  2 crimson imps
  2 big fish
  A worker ant (D:11)
  An iron imp (D:11)
  A scorpion (D:4)
  3 boggarts
  3 ufetubi (Abyss:1)
  2 giant spores
  34 fungi
  14 plants
  2 starspawn tentacles (Abyss:1)
  3 starspawn tentacle segments (Abyss:1)
86 creatures vanquished.

Grand Total: 2395 creatures vanquished

Notes
Turn   | Place    | Note
--------------------------------------------------------------
     0 | D:1      | Tophwells, the Lava Orc Berserker, began the quest for the Orb.
     0 | D:1      | Reached XP level 1. HP: 19/19 MP: 1/1
   260 | D:1      | Reached XP level 2. HP: 27/27 MP: 2/2
   493 | D:1      | Acquired Trog's second power
   606 | D:2      | Reached XP level 3. HP: 13/33 MP: 3/3
   681 | D:2      | Reached skill level 4 in Fighting
   926 | D:2      | Found a sparkling altar of Nemelex Xobeh.
   941 | D:2      | Found a shattered altar of Ashenzari.
  1075 | D:2      | Found a blossoming altar of Fedhas.
  1157 | D:3      | Noticed Herrn's ghost (average MiFi)
  1194 | D:3      | Killed Herrn's ghost
  1194 | D:3      | Reached XP level 4. HP: 38/41 MP: 4/4
  1194 | D:3      | Reached XP level 5. HP: 43/47 MP: 5/5
  1194 | D:3      | Reached XP level 6. HP: 50/55 MP: 6/6
  1368 | D:3      | Found a glowing drain.
  1372 | Sewer    | Entered a sewer
  1385 | Sewer    | Reached skill level 5 in Fighting
  1436 | Sewer    | Reached skill level 5 in Maces & Flails
  2780 | D:4      | Noticed Mitsuki's ghost (average OgWz)
  2782 | D:4      | Found a glowing silver altar of Zin.
  2790 | D:4      | Acquired Trog's third power
  2864 | D:4      | Killed Mitsuki's ghost
  2864 | D:4      | Reached XP level 7. HP: 32/61 MP: 7/7
  2907 | D:4      | Noticed Pikel
  2908 | D:4      | Noticed Pikel
  2908 | D:4      | Pikel changed into Pikel the shapeshifter
  2910 | D:4      | Noticed Pikel
  2910 | D:4      | Pikel the shapeshifter changed into Pikel the draconian
  2918 | D:4      | Noticed Pikel
  2918 | D:4      | Pikel the draconian changed into Pikel the komodo dragon
  2935 | D:4      | Noticed Pikel
  2935 | D:4      | Pikel the komodo dragon changed into Pikel the black mamba
  2943 | D:4      | Killed Pikel the black mamba
  2943 | D:4      | Reached skill level 6 in Maces & Flails
  2951 | D:4      | Gained mutation: You are dopey. (Int -2) [mutagenic meat]
  3145 | D:4      | Found Saasouw's Gadget Emporium.
  3612 | D:5      | Entered Level 5 of the Dungeon
  3685 | D:5      | Reached XP level 8. HP: 47/70 MP: 8/8
  3731 | D:5      | Noticed zkyp's ghost (experienced HOEn)
  3756 | D:5      | Reached skill level 5 in Armour
  3787 | D:5      | Killed zkyp's ghost
  4062 | D:5      | Reached skill level 7 in Maces & Flails
  4225 | D:5      | Reached skill level 5 in Dodging
  4313 | D:5      | Found Seatefuz's Antique Weapon Shop.
  4334 | D:5      | Bought a glowing mace for 72 gold pieces
  5170 | D:6      | Found Oxuph's Antique Weapon Boutique.
  5360 | D:7      | Reached XP level 9. HP: 76/79 MP: 9/9
  5379 | D:7      | Reached skill level 8 in Maces & Flails
  5405 | D:7      | Reached skill level 1 in Stealth
  5708 | D:7      | Noticed a moth of wrath
  5710 | D:7      | Found a bloodstained altar of Trog.
  5890 | D:7      | Found an iron altar of Okawaru.
  5965 | D:7      | Reached skill level 1 in Throwing
  6100 | D:7      | Found a staircase to the Ecumenical Temple.
  6105 | Temple   | Entered the Ecumenical Temple
  6826 | D:8      | Noticed miro's ghost (experienced HEWz)
  6862 | D:8      | Found a white marble altar of Elyvilon.
  7005 | D:8      | Killed miro's ghost
  7005 | D:8      | Reached skill level 9 in Maces & Flails
  7267 | D:8      | Reached XP level 10. HP: 44/88 MP: 10/10
  7851 | D:5      | Bought a transparent blowgun for 180 gold pieces
  7852 | D:5      | Identified the +10 blowgun of Twuathrus {evade, MR++} (You bought it in a shop on level 5 of the Dungeon)
  8789 | D:9      | Found Ussah's Food Shop.
  9045 | D:9      | Found a snail-covered altar of Cheibriados.
  9045 | D:9      | Noticed Duvessa
  9045 | D:9      | Noticed Dowan
  9082 | D:9      | Received a gift from Trog
  9822 | D:9      | Killed Duvessa
  9830 | D:9      | Killed Dowan
 10006 | D:10     | Entered Level 10 of the Dungeon
 10550 | D:10     | Identified a scroll of acquirement
 10551 | D:10     | Got a warped wooden ring
 10569 | D:10     | Identified the ring "Nesmomp" {rC++ SInv} (You acquired it on level 10 of the Dungeon)
 10691 | D:10     | Reached skill level 10 in Maces & Flails
 10750 | D:10     | Found a staircase to the Lair.
 10824 | D:10     | Received a gift from Trog
 10893 | D:10     | Reached XP level 11. HP: 84/97 MP: 7/11
 11155 | D:10     | Found a staircase to the Orcish Mines.
 11865 | D:10     | Found Zayggus' Antique Weapon Shop.
 11899 | D:10     | Bought a polished flail for 246 gold pieces
 11900 | D:10     | Identified the cursed -2,-2 flail of Uhiung {drain, rF+ rC+ Dex+4} (You bought it in a shop on level 10 of the Dungeon)
 12117 | Lair:1   | Entered Level 1 of the Lair of Beasts
 12353 | D:10     | Received a gift from Trog
 13902 | Lair:1   | Reached skill level 10 in Fighting
 13942 | Lair:1   | Noticed Fannar
 13986 | Lair:1   | Reached skill level 5 in Throwing
 13996 | Lair:1   | Killed Fannar
 14090 | D:10     | Upgraded the game from 0.14-a0-1761-gdbd231b to 0.14-a0-1765-g49ce880
 14171 | Lair:1   | Received a gift from Trog
 14431 | Lair:1   | Reached skill level 1 in Evocations
 15320 | Lair:2   | Reached skill level 11 in Maces & Flails
 15320 | Lair:2   | Reached skill level 10 in Armour
 15771 | Lair:2   | Noticed Gastronok
 15798 | Lair:2   | Killed Gastronok
 16063 | Lair:2   | Noticed a five-headed hydra
 16079 | Lair:2   | Killed a five-headed hydra
 16079 | Lair:2   | Reached XP level 12. HP: 90/108 MP: 17/17
 16561 | Lair:2   | Noticed Erica
 16575 | Lair:2   | Killed Erica
 17115 | Lair:3   | Found a frozen archway.
 17131 | IceCv    | Entered an ice cave
 17936 | D:11     | Received a gift from Trog
 17945 | D:11     | Got a pitted lajatang {god gift}
 17946 | D:11     | Identified the +0,+5 lajatang "Isayngeg" {flame, Str+2} (Trog gifted it to you on level 11 of the Dungeon)
 18046 | D:11     | Found a labyrinth entrance.
 18055 | Lab      | Entered a labyrinth
 18420 | Lab      | Noticed a minotaur
 18429 | Lab      | Killed a minotaur
 18440 | Lab      | Identified a +4 rod of demonology (11/11) (You found it in a labyrinth)
 19690 | D:11     | Reached skill level 5 in Evocations
 20147 | D:12     | Found a burning altar of Makhleb.
 20250 | D:12     | Noticed Nergalle
 20284 | D:12     | Killed Nergalle
 20857 | Orc:1    | Entered Level 1 of the Orcish Mines
 21003 | Orc:1    | Found a glowing silver altar of Zin.
 21097 | Orc:1    | Found Phy Gyca's Magic Scroll Emporium.
 21206 | Orc:1    | You fall through a shaft!
 21206 | Orc:2    | Noticed Joseph
 21217 | Orc:2    | Killed Joseph
 21302 | Orc:2    | Found a flagged portal.
 21376 | Bailey   | Entered a bailey
 21600 | Bailey   | Got a shimmering gold dragon armour
 21630 | Bailey   | Reached skill level 12 in Maces & Flails
 21669 | Bailey   | Identified the +10 gold dragon armour of Supple Strength {+Blink +Rage rPois rF+ rC+ Str+2} (You found it in a bailey)
 21729 | Orc:1    | Received a gift from Trog
 22241 | Orc:3    | Noticed Sonja
 22244 | Orc:3    | Found a staircase to the Elven Halls.
 22267 | Orc:3    | Killed Sonja
 22304 | Orc:3    | Noticed Grum
 22321 | Orc:3    | Killed Grum
 22325 | Orc:3    | Reached XP level 13. HP: 78/117 MP: 22/22
 22330 | Orc:3    | Noticed Josephine
 22482 | Orc:3    | Killed Josephine
 23167 | Orc:3    | Received a gift from Trog
 24800 | Lair:5   | Found a hole to the Spider Nest.
 24993 | Lair:5   | Received a gift from Trog
 25099 | Lair:5   | Noticed Rupert
 25104 | Lair:5   | Paralysed by Rupert for 4 turns
 25115 | Lair:5   | Killed Rupert
 25697 | D:13     | Noticed Nessos
 25739 | D:13     | Killed Nessos
 25958 | D:13     | Noticed a four-headed hydra
 25967 | D:13     | Killed a four-headed hydra
 26320 | D:13     | Found a roughly hewn altar of Beogh.
 26413 | D:13     | Received a gift from Trog
 26857 | D:13     | Gained mutation: You have a slow metabolism. [mutagenic meat]
 26922 | D:13     | Noticed a frost giant
 26926 | D:13     | Killed a frost giant
 27342 | D:14     | Found a gate to the Vaults.
 27663 | D:14     | Found a glowing silver altar of Zin.
 27675 | D:14     | Found Fufihyh's Blood Bar.
 27715 | D:13     | Reached skill level 13 in Maces & Flails
 27906 | D:13     | Upgraded the game from 0.14-a0-1765-g49ce880 to 0.14-a0-1773-ge500af7
 27999 | D:14     | Reached XP level 14. HP: 119/129 MP: 25/25
 28276 | D:14     | Received a gift from Trog
 28294 | D:14     | Got a crude dire flail {god gift}
 28295 | D:14     | Identified the +2,+7 dire flail "Kuariu Premm" {vamp, -Tele +Inv rF++ rN+} (Trog gifted it to you on level 14 of the Dungeon)
 28562 | Lair:6   | Noticed Snorg
 28586 | Lair:6   | Killed Snorg
 29116 | Lair:6   | Found a staircase to the Swamp.
 29821 | Lair:7   | Found a staircase to the Slime Pits.
 30083 | Lair:8   | Entered Level 8 of the Lair of Beasts
 30087 | Lair:8   | Noticed wuxia's ghost (powerful MfSk)
 30091 | Lair:8   | Received a gift from Trog
 30117 | Lair:8   | Killed wuxia's ghost
 30450 | Lair:8   | Got a fine ring mail
 30516 | Lair:7   | Identified the cursed -3 ring mail "Streilouvu" {Str+3 Dex+2 Int-2} (You found it on level 8 of the Lair of Beasts)
 31171 | Lair:8   | Received a gift from Trog
 31519 | Lair:8   | Reached skill level 14 in Fighting
 31998 | Lair:8   | Reached skill level 10 in Dodging
 31998 | Lair:8   | Reached XP level 15. HP: 138/138 MP: 27/27
 33160 | D:14     | Received a gift from Trog
 33654 | D:15     | Entered Level 15 of the Dungeon
 34732 | Orc:4    | Entered Level 4 of the Orcish Mines
 34795 | Orc:4    | Received a gift from Trog
 34848 | Orc:4    | Noticed Urug
 34866 | Orc:4    | Killed Urug
 34874 | Orc:4    | Received a gift from Trog
 34929 | Orc:4    | Noticed Donald
 34961 | Orc:4    | Killed Donald
 35035 | Orc:4    | Reached skill level 1 in Shields
 35520 | Orc:4    | Found Duamuamu's Weapon Shoppe.
 35524 | Orc:4    | Noticed Blork the orc
 35530 | Orc:4    | Killed Blork the orc
 35853 | Orc:3    | Received a gift from Trog
 35871 | Orc:4    | Reached skill level 15 in Fighting
 36175 | Orc:4    | Found Zithrasch's Antique Armour Boutique.
 36177 | Orc:4    | Found Koppav's Jewellery Boutique.
 36178 | Orc:4    | Found Xoloaxt's Magic Scroll Shop.
 36194 | Orc:4    | Bought a scroll of silence for 112 gold pieces
 36194 | Orc:4    | Bought a scroll of fear for 52 gold pieces
 36194 | Orc:4    | Bought a scroll of immolation for 52 gold pieces
 36200 | Orc:4    | Bought an uncursed amulet of guardian spirit for 275 gold pieces
 36487 | Spider:1 | Entered Level 1 of the Spider Nest
 36495 | Spider:1 | Noticed Roxanne
 36585 | Spider:1 | Reached skill level 5 in Shields
 36775 | Spider:1 | Received a gift from Trog
 36779 | Spider:1 | Got a shimmering dire flail {god gift}
 37555 | Spider:2 | Reached XP level 16. HP: 149/149 MP: 28/28
 37579 | Spider:2 | You fall through a shaft!
 38084 | Spider:2 | Got a twisted war axe
 38085 | Spider:2 | Identified the cursed +5,-1 war axe of Bleoh {flame, rC+ Int+1 SInv Stlth+} (You found it on level 2 of the Spider Nest)
 38587 | Spider:3 | Received a gift from Trog
 38788 | Spider:3 | Received a gift from Trog
 38806 | Spider:3 | Identified the +0,+3 dire flail of Qitepluc {freeze, Noisy rC+ MR++} (Trog gifted it to you on level 1 of the Spider Nest)
 39374 | Spider:4 | Received a gift from Trog
 39534 | Spider:4 | Received a gift from Trog
 40221 | Spider:4 | Upgraded the game from 0.14-a0-1773-ge500af7 to 0.14-a0-1837-g7fb8695
 40385 | Spider:5 | Entered Level 5 of the Spider Nest
 41483 | Orc:4    | Bought an uncursed ring of sustenance for 192 gold pieces
 41483 | Orc:4    | Bought an uncursed ring of sustain abilities for 192 gold pieces
 42321 | Spider:5 | Received a gift from Trog
 42366 | Spider:5 | Reached skill level 16 in Fighting
 42386 | Spider:5 | Reached skill level 15 in Armour
 42706 | Spider:5 | Received a gift from Trog
 43800 | Spider:5 | Got a gossamer rune of Zot
 44865 | Swamp:1  | Entered Level 1 of the Swamp
 44874 | Swamp:1  | Got a slimy cutlass
 44910 | Swamp:1  | Reached XP level 17. HP: 127/159 MP: 29/29
 45582 | D:16     | Entered Level 16 of the Dungeon
 45815 | D:16     | Paralysed by a wizard for 6 turns
 45879 | D:16     | Received a gift from Trog
 46449 | D:16     | Found a staircase to the Depths.
 46480 | Depths:1 | Entered Level 1 of the Depths
 46502 | Depths:1 | Received a gift from Trog
 46526 | Depths:1 | Reached skill level 10 in Shields
 46551 | Depths:1 | Noticed Mara
 46553 | Depths:1 | Noticed Mara
 46553 | Depths:1 | Noticed Mara
 46895 | Depths:1 | Found a gateway to Hell.
 47002 | D:16     | Received a gift from Trog
 47231 | D:16     | Received a gift from Trog
 47873 | D:13     | Reached skill level 17 in Fighting
 48533 | Swamp:1  | Received a gift from Trog
 49559 | Swamp:2  | Got a slimy plate armour
 49583 | Swamp:2  | Identified the +4 plate armour "Broon" {Acc-4} (You found it on level 2 of the Swamp)
 50122 | Swamp:3  | Received a gift from Trog
 50294 | Swamp:3  | Received a gift from Trog
 51036 | Swamp:4  | Received a gift from Trog
 51100 | Swamp:4  | Got a fine whip
 51101 | Swamp:4  | Identified the cursed +3,-1 whip "Pendulum" {slash, +Inv rElec rF++} (You found it on level 4 of the Swamp)
 51352 | Swamp:4  | Received a gift from Trog
 52164 | Swamp:5  | Entered Level 5 of the Swamp
 52356 | Swamp:5  | Reached XP level 18. HP: 171/171 MP: 29/29
 52633 | Swamp:5  | Received a gift from Trog
 52679 | Swamp:5  | Noticed the 27-headed Lernaean hydra
 52703 | Swamp:5  | Killed the 27-headed Lernaean hydra
 52738 | Swamp:5  | Got a decaying rune of Zot
 53076 | Swamp:5  | Upgraded the game from 0.14-a0-1837-g7fb8695 to 0.14-a0-1844-g8283a67
 53771 | Vaults:1 | Entered Level 1 of the Vaults
 53813 | Vaults:1 | Reached skill level 18 in Fighting
 53856 | Vaults:1 | Found a flickering gateway to a bazaar.
 53879 | Vaults:1 | Noticed Agnes
 53905 | Vaults:1 | Killed Agnes
 53926 | Bazaar   | Entered a bazaar
 53946 | Bazaar   | Found Klya's Antique Armour Emporium.
 53956 | Bazaar   | Found Hajourude's Weapon Boutique.
 53961 | Bazaar   | Found Bore's Gadget Shop.
 53964 | Bazaar   | Found Gaixulio's Gadget Shoppe.
 53994 | Bazaar   | Bought a pair of gloves for 26 gold pieces
 53997 | Bazaar   | Bought a slimy helmet for 165 gold pieces
 54001 | Bazaar   | Identified the +1 helmet of Submission {rElec rC+ Str+4 Dex+3 Dam+1} (You bought it in a shop in a bazaar)
 54445 | Vaults:1 | Received a gift from Trog
 54684 | Vaults:1 | Received a gift from Trog
 55617 | Vaults:2 | Found Criunio's Weapon Shoppe.
 55955 | Orc:4    | Bought an uncursed ring of protection from magic for 275 gold pieces
 55994 | Orc:4    | Bought the ring "Baocvozi" {+Inv rF+ MP+9 Str+4} for 712 gold pieces
 56213 | Vaults:2 | Noticed Jorgrun
 56233 | Vaults:2 | Killed Jorgrun
 56538 | Vaults:2 | Found a portal to a secret trove of treasure.
 56717 | Vaults:2 | Received a gift from Trog
 57483 | Vaults:3 | Noticed Mennas
 57542 | Vaults:3 | Killed Mennas
 57805 | Vaults:3 | Found a staircase to the Hall of Blades.
 58745 | Vaults:3 | Found a staircase to the Crypt.
 59222 | Vaults:3 | Received a gift from Trog
 59222 | Vaults:3 | Reached XP level 19. HP: 181/181 MP: 30/30
 60093 | Depths:1 | Noticed Mara
 60093 | Depths:1 | Noticed Mara
 60104 | Depths:1 | Killed Mara
 60104 | Depths:1 | Received a gift from Trog
 60270 | Depths:1 | Found Wiaq's Book Shoppe.
 60327 | Depths:1 | Received a gift from Trog
 60493 | Depths:1 | Reached skill level 19 in Fighting
 60903 | Depths:1 | Received a gift from Trog
 61710 | Depths:1 | Found a one-way gate leading to the halls of Pandemonium.
 62025 | Depths:2 | Received a gift from Trog
 62159 | Depths:2 | Noticed a golden dragon
 62182 | Depths:2 | Killed a golden dragon
 62318 | Depths:1 | Upgraded the game from 0.14-a0-1844-g8283a67 to 0.14-a0-2381-g4cacdb4
 62573 | Depths:2 | Received a gift from Trog
 62690 | Depths:2 | Paralysed by an ogre mage for 2 turns
 62704 | Depths:2 | Paralysed by an ogre mage for 4 turns
 62733 | Depths:2 | HP: 4/183 [minotaur/arrow (32)]
 63301 | Elf:1    | Entered Level 1 of the Elven Halls
 63547 | Elf:1    | Received a gift from Trog
 63663 | Elf:1    | Found Yzxen's Weapon Shop.
 63760 | Elf:1    | Received a gift from Trog
 63788 | Elf:1    | Found Ymaun's Magical Wand Shoppe.
 63832 | Elf:1    | Bought a wand of cold (7) for 374 gold pieces
 64012 | Elf:1    | Reached XP level 20. HP: 191/193 MP: 10/31
 64431 | Elf:2    | Received a gift from Trog
 64611 | Elf:2    | Cast into the Abyss (deep elf sorcerer)
 64666 | Abyss:1  | Reached skill level 10 in Evocations
 65576 | Abyss:1  | Received a gift from Trog
 65945 | Elf:2    | Escaped the Abyss
 65952 | Elf:2    | Received a gift from Trog
 66010 | Elf:2    | Reached skill level 20 in Fighting
 66062 | Elf:2    | Received a gift from Trog
 66620 | Elf:2    | Noticed Frances
 66634 | Elf:2    | Killed Frances
 66658 | Elf:2    | Upgraded the game from 0.14-a0-2381-g4cacdb4 to 0.14-a0-2400-gb2944a8
 66697 | Elf:3    | Entered Level 3 of the Elven Halls
 66800 | Elf:3    | HP: 5/289 [hellion/burst of hellfire[a deep elf demonologist] (20)]
 66804 | Elf:3    | Killed from afar by an Executioner

Action                   |  1- 3 |  4- 6 |  7- 9 | 10-12 | 13-15 | 16-18 | 19-21 || total
-------------------------+-------+-------+-------+-------+-------+-------+-------++-------
Melee: Mace              |   116 |   183 |   294 |  1554 |   757 |    12 |   301 ||  3217
       Whip              |       |       |    28 |       |       |     3 |       ||    31
       Dagger            |       |       |    17 |       |       |       |       ||    17
       Flail             |       |       |       |    43 |    28 |       |   105 ||   176
       Maul              |       |       |       |     6 |       |       |       ||     6
       Quick blade       |       |       |       |    25 |       |       |       ||    25
       Rod               |       |       |       |     1 |       |       |       ||     1
       Morningstar       |       |       |       |       |    27 |       |       ||    27
       Great mace        |       |       |       |       |    11 |       |       ||    11
       Demon whip        |       |       |       |       |  1549 |  3217 |  1064 ||  5830
       Dire flail        |       |       |       |       |   256 |    64 |       ||   320
       Unarmed           |       |       |       |       |       |   336 |    14 ||   350
 Fire: Blowgun           |       |       |     8 |    64 |     6 |    11 |    10 ||    99
Throw: Javelin           |       |       |     1 |       |       |       |       ||     1
       Tomahawk          |       |       |       |     8 |    11 |    21 |    14 ||    54
       Throwing net      |       |       |       |     1 |       |     1 |       ||     2
       Dart              |       |       |       |       |       |       |     1 ||     1
Invok: Trog's Hand       |     1 |       |       |     2 |     1 |     1 |       ||     5
       Berserk           |       |       |     1 |    13 |     6 |     4 |     2 ||    26
       Burn Spellbooks   |       |       |       |     1 |       |       |       ||     1
       Brothers in Arms  |       |       |       |     1 |     2 |     6 |     5 ||    14
 Abil: Evoke Invisibilit |       |       |       |     4 |       |     8 |     4 ||    16
       Evoke Blink       |       |       |       |     3 |     2 |     6 |     2 ||    13
Evoke: Wand              |       |       |     1 |     6 |     4 |     3 |     5 ||    19
       Rod               |       |       |       |     9 |     2 |       |       ||    11
       Sack of spiders   |       |       |       |       |       |     1 |       ||     1
  Use: Potion            |       |     1 |     5 |     8 |     1 |     2 |     6 ||    23
       Scroll            |       |       |    11 |    30 |    10 |    16 |     6 ||    73
 Stab: Confused          |       |       |       |     1 |       |       |       ||     1
       Invisible         |       |       |       |     4 |       |    19 |     8 ||    31
       Sleeping          |       |       |       |     2 |       |       |       ||     2
       Distracted        |       |       |       |       |       |       |     1 ||     1
